 Dungeon Crawl Stone Soup version 0.15-a0-1656-gb4d1502 (console) character file.

306 MrRokkomies the Covered (level 6, 0/47 HPs)
             Began as a Formicid Abyssal Knight on June 22, 2014.
             Was a Priest of Lugonu.
             Killed by a spatial distortion (3 damage)
             ... in a sewer on June 23, 2014.
             The game lasted 00:22:34 (2794 turns).

MrRokkomies the Covered (Formicid Abyssal Knight)   Turns: 2794, Time: 00:22:34

HP   0/47        AC  7     Str 16      XL: 6   Next: 67%
MP   7/10        EV 10     Int 12      God: Lugonu [***...]
Gold 65          SH  0     Dex 12      Spells:  0 memorised,  5 levels left

rFire  + . .     SeeInvis +     a - +1 falchion
rCold  . . .     Clarity  .     t - +0 ring mail
rNeg   . . .     rCorr    .     (no shield)
rPois  .         rRot     .     (helmet unavailable)
rElec  .         Spirit   .     (no cloak)
SustAb .         Warding  .     v - +0 pair of gloves
rMut   .         Stasis   +     (no boots)
Gourm  .                        (no amulet)
MR     .....                    (no ring)
                                q - ring of protection from fire

@: very slightly contaminated, not resistant to hostile enchantments, very
unstealthy
A: permanent stasis, dig shafts and tunnels, four strong arms, antennae 3
a: Dig, Shaft Self, Depart the Abyss, Bend Space, Banish, Renounce Religion


You were in a sewer.
You worshipped Lugonu.
Lugonu was most pleased with you.
You were very hungry.

You visited 1 branch of the dungeon, and saw 3 of its levels.
You visited the Abyss 1 time.
You also visited: Sewer.

You collected 65 gold pieces.

Inventory:

Hand weapons
 a - a +1 falchion (weapon)
 b - a cursed -1 sling
 e - a +2 dagger of venom
 m - a +0 sling
Missiles
 d - 37 sling bullets
 f - 19 stones (quivered)
 l - 9 poisoned needles
Armour
 t - a +0 ring mail (worn)
 v - a +0 pair of gloves (worn)
Magical devices
 g - a wand of frost (0)
Comestibles
 c - a bread ration
 o - a meat ration
 p - 8 fruits
Scrolls
 h - 3 scrolls of amnesia
Jewellery
 q - a ring of protection from fire (left hand)
Potions
 k - 2 potions of degeneration
 s - a potion of resistance
 u - a potion of porridge


   Skills:
 - Level 3.2 Fighting
 + Level 5.0 Long Blades
 + Level 5.1 Armour
 - Level 0.8 Dodging
 - Level 2.1 Invocations


You had 5 spell levels left.
You didn't know any spells.

Dungeon Overview and Level Annotations

Branches:
Dungeon (3/15)

Altars:
Yredelemnul


Innate Abilities, Weirdness & Mutations

Your are under a permanent stasis effect.
You can dig through walls and to a lower floor.
Your four strong arms can wield two-handed weapons with a shield.
You have a pair of large antennae on your head (SInv).


Message History

As you read the scroll of identify, it crumbles to dust.
k - 2 potions of degeneration The ball python barely misses you.
The ball python constricts you. The giant frog hits you!
* * * LOW HITPOINT WARNING * * *
Use which ability? (? or * to list) Space bends around you!
Your attempt to break free from the ball python fails, but you feel that another attempt might succeed.
* * * LOW HITPOINT WARNING * * *
You feel slightly more hungry. The giant frog hits you.
* * * LOW HITPOINT WARNING * * *
The ball python completely misses you. The ball python constricts you.
The giant frog hits you.
* * * LOW HITPOINT WARNING * * *
Use which ability? (? or * to list) Space bends around you!
You escape the ball python's grasp.
You blink.
Splash!
You fall into the shallow water.
Moving in this stuff is going to be slow.
You die...

####≈≈≈.≈≈≈≈≈..####
####≈.≈≈≈≈≈≈≈≈≈≈≈≈≈≈≈####
#≈≈≈≈≈≈≈#########.≈≈..≈≈##
..≈..####≈≈≈≈≈≈.####≈≈≈≈≈##
≈≈≈###≈≈≈≈≈≈≈≈%.≈≈≈###≈≈≈≈##
≈.##≈≈≈≈.#######.%≈≈≈##≈≈≈≈#
≈##≈≈≈≈###≈≈≈≈≈###.≈.≈##≈≈≈##
≈#≈≈.≈##≈≈≈≈≈≈≈≈≈##≈≈≈≈#≈≈.≈#
##≈%%##≈≈≈≈≈...≈@≈##≈≈≈##≈≈.##
#≈.≈≈#≈≈≈...?%?..≈≈#≈≈.≈#≈≈≈.#
#≈≈≈≈#≈≈≈≈≈..F.$.≈≈#≈≈≈≈#.≈.∩#
#≈≈≈≈#≈≈≈.≈≈≈S§.≈≈≈#.≈≈≈#≈≈≈.#
##≈≈.##≈≈≈≈≈((≈.≈.≈#≈≈≈##≈≈≈##
≈#≈≈≈.##≈≈≈.≈≈...≈(#≈≈≈#.≈≈≈#
≈##≈≈..###≈≈≈≈≈#%≈##≈.##≈≈≈##
.≈##≈≈≈%≈#######.≈#≈≈##≈≈≈.#
≈≈≈###≈≈≈≈≈.≈≈..≈##.≈#≈..≈##


You could see a giant frog and a ball python.

Vanquished Creatures
  A giant frog (Sewer)
  An orc priest (D:3)
  Ijyb (D:2)
  2 adders
  A green rat (D:3)
  8 giant mites (Sewer)
  12 giant geckos
  13 oozes (Sewer)
  2 orcs (D:3)
  10 giant cockroaches
  3 hobgoblins
  8 jackals (D:2)
  A quokka (D:3)
  6 ball pythons (Sewer)
  2 bats
  11 giant newts
  10 goblins
  2 kobolds
  3 rats (D:3)
97 creatures vanquished.

Notes
Turn   | Place    | Note
--------------------------------------------------------------
     0 | Abyss:1  | MrRokkomies, the Formicid Abyssal Knight, began the quest for the Orb.
     0 | Abyss:1  | Reached XP level 1. HP: 18/18 MP: 1/1
     2 | D:1      | Escaped the Abyss
   414 | D:1      | Reached XP level 2. HP: 9/24 MP: 3/3
  1127 | D:2      | Acquired Lugonu's second power
  1151 | D:2      | Reached XP level 3. HP: 29/29 MP: 5/5
  1429 | D:2      | Noticed Ijyb
  1457 | D:2      | Killed Ijyb
  1457 | D:2      | Reached XP level 4. HP: 16/35 MP: 6/6
  1838 | D:2      | Found a basalt altar of Yredelemnul.
  1941 | D:3      | Reached skill level 4 in Armour
  2033 | D:3      | Found a glowing drain.
  2048 | D:3      | Reached XP level 5. HP: 36/41 MP: 8/8
  2063 | Sewer    | Entered a sewer
  2218 | Sewer    | Acquired Lugonu's third power
  2259 | Sewer    | Upgraded the game from 0.15-a0-1646-g393eda0 to 0.15-a0-1656-gb4d1502
  2488 | Sewer    | Reached XP level 6. HP: 41/47 MP: 10/10
  2760 | Sewer    | Reached skill level 5 in Armour
  2791 | Sewer    | Reached skill level 5 in Long Blades
  2794 | Sewer    | Killed by a spatial distortion

Action                   |  1- 3 |  4- 6 || total
-------------------------+-------+-------++-------
Melee: Falchion          |    96 |   290 ||   386
 Fire: Sling             |     3 |       ||     3
Throw: Stone             |     3 |       ||     3
       Tomahawk          |     8 |     7 ||    15
Invok: Bend Space        |       |     4 ||     4
  Use: Potion            |     3 |     4 ||     7
       Scroll            |     7 |     4 ||    11
 Stab: Invisible         |       |     8 ||     8
